 Dungeon Crawl Stone Soup version 0.30-a0-305-g026cb31310 (webtiles) character file.

Game seed: 18032268505426147796

4496 pokeman the Thaumaturge (level 10, -7/52 (53) HPs)
             Began as a Deep Elf Hedge Wizard on Oct 21, 2022.
             Was a Believer of Vehumet.
             Mangled by a wyvern zombie (12 damage)
             ... on level 8 of the Dungeon.
             The game lasted 00:21:28 (7148 turns).

pokeman the Thaumaturge (Deep Elf Hedge Wizard)     Turns: 7148, Time: 00:21:29

HP:   -7/52 (53)    AC:  4    Str:  7    XL:     10   Next: 16%
MP:   27/29         EV: 12    Int: 24    God:    Vehumet [**....]
Gold: 548           SH:  0    Dex: 14    Spells: 26/35 levels left

rFire   + . .      SeeInvis .    n - staff of conjuration
rCold   . . .      Faith    .    (no shield)
rNeg    . . .      Spirit   .    s - +0 leather armour
rPois   +          Reflect  .    G - +0 helmet
rElec   .          Harm     .    (no cloak)
rCorr   .          Rampage  .    (no gloves)
Will    +....                    (no boots)
Stlth   ++........               i - amulet of magic regeneration
HPRegen 0.28/turn                A - ring of protection from fire
MPRegen 0.61/turn                H - ring of poison resistance

@: on blink cooldown, lightly drained
A: no striking features
a: Renounce Religion


You were on level 8 of the Dungeon.
You worshipped Vehumet.
Vehumet was pleased with you.
You visited 2 branches of the dungeon, and saw 9 of its levels.

You collected 548 gold pieces.

Inventory:

Hand Weapons
 D - a +1 whip of venom
 O - the +6 short sword of Tolomp {vorpal, rElec}
   (You took it off a centaur on level 8 of the Dungeon)

   It inflicts extra damage upon your enemies.
   rElec:     It insulates you from electricity.
Missiles
 m - 2 throwing nets
Armour
 s - a +0 leather armour (worn)
 C - a +0 buckler
 G - a +0 helmet (worn)
Magical Staves
 n - a staff of conjuration (weapon)
Jewellery
 i - an amulet of magic regeneration (around neck)
 o - a ring of fire
 q - an amulet of faith
 A - a ring of protection from fire (left hand)
 E - an amulet of the acrobat
 H - a ring of poison resistance (right hand)
Wands
 c - a wand of flame (33)
 B - a wand of acid (10)
 I - a wand of charming (17)
 J - a wand of polymorph (6)
 K - a wand of iceblast (11)
Scrolls
 b - a scroll of immolation {unknown}
 f - 3 scrolls of fear {unknown}
 g - 3 scrolls of butterflies {unknown}
 h - 7 scrolls of teleportation {unknown}
 l - 7 scrolls of identify {unknown}
 p - 2 scrolls of vulnerability {unknown}
 v - 3 scrolls of magic mapping {unknown}
 w - a scroll of poison {unknown}
 y - 2 scrolls of amnesia {unknown}
 z - 2 scrolls of enchant armour {unknown}
 L - a scroll of enchant weapon {unknown}
Potions
 a - 2 potions of curing
 d - a potion of magic
 e - 4 potions of heal wounds {unknown}
 j - 2 potions of mutation {unknown}
 k - 2 potions of lignification {unknown}
 r - 2 potions of berserk rage {unknown}
 t - a potion of cancellation {unknown}
 u - a potion of flight {unknown}
 x - a potion of attraction {unknown}
 F - a potion of resistance {unknown}
 M - 3 potions of might {unknown}
 N - 2 potions of haste {unknown}


   Skills:
 - Level 2.0 Fighting
 + Level 4.7 Armour
 - Level 3.1 Dodging
 - Level 3.2 Stealth
 + Level 4.7 Shields
 * Level 13.0 Spellcasting
 + Level 7.3 Conjurations
 - Level 1.1 Summonings
 - Level 1.1 Translocations
 - Level 1.0 Air Magic
 - Level 1.0 Poison Magic
 - Level 1.0 Evocations


You had 26 spell levels left.
You knew the following spells:

 Your Spells              Type           Power      Damage    Failure   Level
a - Magic Dart            Conj           100%       1d8       1%          1
b - Mephitic Cloud        Conj/Pois/Air  45%        N/A       4%          3
c - Call Imp              Summ           20%        N/A       5%          2
d - Blink                 Tloc           40%        N/A       5%          2
e - Foxfire               Conj/Fire      100%       2x1d9     1%          1

Your spell library contained the following spells:

 Spells                   Type           Power      Damage    Failure   Level
 Kiss of Death            Conj/Necr      100%       2d13      1%          1
 Momentum Strike          Conj/Tloc      100%       3d10      1%          2
 Slow                     Hex            60%        N/A       5%          1
 Cigotuvi's Dreadful Rot  Necr/Pois/Air  36%        N/A       6%          2
 Sublimation of Blood     Necr           15%        N/A       9%          2
 Wereblood                Tmut           15%        N/A       9%          2
 Lesser Beckoning         Tloc           40%        N/A       11%         3
 Vhi's Electric Charge    Tloc/Air       40%        N/A       11%         3
 Arcjolt                  Conj/Air       26%        1d36      26%         5
 Irradiate                Conj/Tmut      24%        3d19      32%         5
 Petrify                  Tmut/Erth      15%        N/A       47%         4
 Summon Hydra             Summ           10%        N/A       100%        7
 Maxwell's Capacitive Co  Air            10%        ∞         100%        8


Dungeon Overview and Level Annotations

Branches:
Dungeon (8/15)             Temple (1/1) D:5
   Lair: D:8-11

Altars:
Cheibriados
Dithmenos
Fedhas
Gozag
Hepliaklqana
Kikubaaqudgha
Nemelex Xobeh
Okawaru
Qazlal
Ru
Sif Muna
Trog
Uskayaw
Vehumet
Yredelemnul
Zin

Shops:
D:4 :   D:6 :   D:7 *   D:8 *

Annotations:
D:5 3 runed translucent doors, lunkers's ghost, amateur MeWn
D:7 1 runed translucent door, liarliar's ghost, journeyman DEEE


Message History

The wyvern zombie is moderately damaged.
The foxfire hits the wyvern zombie.
The wyvern zombie is heavily damaged.
The foxfire hits the wyvern zombie!
The wyvern zombie is severely damaged.
The wyvern zombie closely misses you.
The wyvern zombie bites you but does no damage.
Casting: Foxfire (safe; 1% risk of failure)
Confirm with . or Enter, or press ? or * to list all spells.
You feel a surge of power!
You conjure some foxfire!
The wyvern zombie closely misses you.
You hit the wyvern zombie.
The wyvern zombie is severely damaged.
The foxfire hits the wyvern zombie but does no damage.
The wyvern zombie is severely damaged.
The foxfire hits the wyvern zombie.
The wyvern zombie is almost destroyed.
The wyvern zombie bites you!
* * * LOW HITPOINT WARNING * * *
The wyvern zombie barely misses you.
Casting: Foxfire (safe; 1% risk of failure)
Confirm with . or Enter, or press ? or * to list all spells.
You feel a surge of power!
You conjure some foxfire!
The wyvern zombie bites you!
* * * LOW HITPOINT WARNING * * *
Unknown command.
Casting: Foxfire (safe; 1% risk of failure)
Confirm with . or Enter, or press ? or * to list all spells.
You blink.
The foxfire hits the wyvern zombie.
The wyvern zombie is almost destroyed.
The wyvern zombie barely misses you.
Unknown command.
Casting: Blink (safe; 5% risk of failure)
Confirm with . or Enter, or press ? or * to list all spells.
You are still too unstable to blink.
Casting: Blink (safe; 5% risk of failure)
Confirm with . or Enter, or press ? or * to list all spells.
You feel a surge of power!
You conjure some foxfire!
The wyvern zombie bites you!
You die...

......##........#
......##........#
................#
##.############## #.#
######### #.#
#.#_#.#.# #.#
#+#+#'#'#'#'##### ...
#...vvZ.§....'..# #.#
#+#+#@#v#'#'###.# #.#
#.#)#.#.##8.# #.#
##############.# #.#
#............).# #.#
##################..##
##.####....#######
#.##
...........).....# #.#
...####....#####.# #.#
......#....# #.# #.#


You could see a wyvern zombie (ally target).

Vanquished Creatures
  Sigmund (D:4)
  5 yaks (D:7)
  3 water moccasins
  An ice beast (D:6)
  An orc warrior (D:7)
  A black bear (D:4)
  3 hornet zombies (D:8)
  2 ogres
  6 centaurs
  A kobold brigand (D:4)
  4 necrophages
  4 scorpions
  2 bullfrogs (D:6)
  A wyvern zombie (D:8)
  6 wights
  2 howler monkeys
  A human zombie (D:8)
  A jelly (D:6)
  2 orc priests
  6 hounds
  A gnoll bouda (D:5)
  Ijyb (D:4)
  3 iguanas
  7 orc wizards
  Natasha (thrice) (D:4)
  3 gnolls
  6 adders
  2 white imps
  2 worms (D:3)
  4 dart slugs
  32 orcs
  3 ball pythons
  4 endoplasms
  3 giant cockroaches (D:1)
  7 goblins
  7 hobgoblins
  3 quokkas
  5 bats
  6 frilled lizards
  10 kobolds
  7 rats
172 creatures vanquished.

Vanquished Creatures (collateral kills)
  4 gnolls
  A worm (D:1)
  An endoplasm (D:1)
  A frilled lizard (D:2)
7 creatures vanquished.

Vanquished Creatures (others)
  An orc wizard (D:6)
  400 foxfires
  10 plants (D:4)
411 creatures vanquished.

Grand Total: 590 creatures vanquished

Notes
Turn   | Place    | Note
-------+----------+-------------------------------------------
     0 | D:1      | pokeman the Deep Elf Hedge Wizard began the quest for the
                  | Orb.
     0 | D:1      | Reached XP level 1. HP: 10/10 MP: 7/7
   313 | D:1      | Reached XP level 2. HP: 16/16 MP: 5/9
   461 | D:1      | Found a faded altar of an unknown god.
   869 | D:2      | Reached skill level 5 in Spellcasting
   876 | D:2      | Reached XP level 3. HP: 14/20 MP: 2/11
   882 | D:1      | Learned a level 3 spell: Mephitic Cloud
   885 | D:1      | Learned a level 2 spell: Call Imp
   888 | D:1      | Learned a level 2 spell: Blink
  1016 | D:2      | Found a sparkling altar of Nemelex Xobeh.
  1034 | D:2      | Reached skill level 1 in Fighting
  1034 | D:2      | Reached skill level 1 in Armour
  1069 | D:2      | Reached XP level 4. HP: 24/25 MP: 7/13
  1436 | D:3      | Noticed an ogre
  1448 | D:3      | Killed an ogre
  1449 | D:3      | Reached skill level 6 in Spellcasting
  1449 | D:3      | Reached XP level 5. HP: 29/29 MP: 5/15
  1550 | D:3      | Found a shadowy altar of Dithmenos.
  1782 | D:3      | Reached skill level 1 in Poison Magic
  2058 | D:4      | Found Baos's Book Boutique.
  2157 | D:4      | Noticed Natasha
  2164 | D:4      | Killed Natasha
  2169 | D:4      | Reached skill level 1 in Air Magic
  2169 | D:4      | Reached XP level 6. HP: 33/34 MP: 15/17
  2236 | D:4      | Reached skill level 1 in Evocations
  2338 | D:4      | You fall into a shaft and drop 1 floor!
  2338 | D:5      | Entered Level 5 of the Dungeon
  2460 | D:5      | Reached skill level 7 in Spellcasting
  2546 | D:5      | Found a staircase to the Ecumenical Temple.
  2551 | Temple   | Entered the Ecumenical Temple
  2585 | Temple   | Became a worshipper of Vehumet
  2633 | D:5      | Found a runed translucent gate.
  2633 | D:5      | Found a runed translucent gate.
  2636 | D:5      | Noticed lunkers's ghost (amateur MeWn)
  2778 | D:5      | Reached XP level 7. HP: 39/39 MP: 13/20
  2968 | D:5      | Reached skill level 1 in Shields
  2968 | D:5      | Reached skill level 8 in Spellcasting
  3097 | D:4      | Noticed Natasha
  3142 | D:4      | Killed Natasha
  3152 | D:4      | Reached XP level 8. HP: 42/44 MP: 15/22
  3193 | D:4      | Noticed Sigmund
  3202 | D:4      | Reached skill level 9 in Spellcasting
  3222 | D:4      | Killed Sigmund
  3358 | D:4      | Noticed Ijyb
  3376 | D:4      | Killed Ijyb
  3390 | D:4      | Reached skill level 5 in Conjurations
  3498 | D:4      | Noticed Natasha
  3503 | D:4      | Killed Natasha
  3855 | D:5      | Found a runed translucent gate.
  4250 | D:6      | Reached skill level 10 in Spellcasting
  4257 | D:6      | Reached * piety under Vehumet
  4257 | D:6      | Offered knowledge of Foxfire by Vehumet.
  4264 | D:6      | Learned a level 1 spell: Foxfire
  4453 | D:6      | Reached XP level 9. HP: 40/48 MP: 19/25
  4637 | D:6      | Found Humaedi's Tremendous Tomes.
  5003 | D:7      | Reached skill level 11 in Spellcasting
  5135 | D:7      | Found a shimmering blue altar of Sif Muna.
  5169 | D:7      | Found a runed translucent door.
  5206 | D:7      | Noticed liarliar's ghost (journeyman DEEE)
  5208 | D:7      | Offered knowledge of Kiss of Death by Vehumet.
  5231 | D:7      | Reached ** piety under Vehumet
  5243 | D:7      | Reached skill level 12 in Spellcasting
  5431 | D:7      | Found Pofie's Assorted Antiques.
  5457 | D:7      | Found a sacrificial altar of Ru.
  5794 | D:8      | Found Qoxud's Evil Emporium.
  5835 | D:8      | HP: 1/48 [centaur/arrow (11)]
  6171 | D:8      | Identified the +6 short sword of Tolomp {vorpal, rElec}
  6271 | D:8      | Found a hide-covered altar of Uskayaw.
  6271 | D:8      | Found a snail-covered altar of Cheibriados.
  6291 | D:8      | Reached XP level 10. HP: 53/53 MP: 28/28
  6495 | D:8      | Found a basalt altar of Yredelemnul.
  7023 | D:8      | Reached skill level 13 in Spellcasting
  7148 | D:8      | Mangled by a wyvern zombie

Illustrated notes

Levels and vault maps discovered:
D:1:      lemuel_arrival_funnel, layout_loops_ring,
          shapermc_ecumenical_altar_totnotflames, minmay_pentomino_r2
D:2:      layout_rooms, basic_altar
D:3:      layout_basic, mainiacjoe_overflow_six_doors_small
D:4:      layout_loops_cross, serial_shops, nicolae_stop_n_shop_2,
          minmay_misc_feat_ornament, minmay_misc_feat_four_crosses,
          lexackson_kobold_supper, uniq_sigmund, uniq_natasha, uniq_ijyb
D:5:      layout_basic, minmay_temple_entry_arrows, ebering_ghost_rock_garden
D:6:      layout_basic, nicolae_shop_i_like_big_books, minmay_misc_feat_tower
D:7:      layout_loops_cross, amcnicky_altar_gilded,
          mainiacjoe_overflow_chevrons, serial_shops, shop,
          ebering_ghost_reflecting_pool
D:8:      layout_basic, lemuel_mausoleum_altar_yredelemnul,
          gammafunk_temple_overflow_elements, serial_shops, shop_fountains,
          nicolae_evil_shop, uniq_prince_ribbit1
Temple:   nicolae_temple_bog_church

Skill      XL: |  1  2  3  4  5  6  7  8  9 10 |
---------------+-------------------------------+-----
Spellcasting   | 5 6 7 8 10 12 13 | 13.0
Fighting       | 1 2 |  2.0
Armour         | 1 2 3 4 |  4.7
Conjurations   | 2 3 4 5 7 |  7.3
Dodging        | 3 |  3.1
Stealth        | 3 |  3.2
Poison Magic   | 1 |  1.0
Air Magic      | 1 |  1.0
Evocations     | 1 |  1.0
Shields        | 1 3 4 |  4.7
Summonings     | |  1.1
Translocations | |  1.1

Action                   |  1- 3 |  4- 6 |  7- 9 | 10-12 || total
-------------------------+-------+-------+-------+-------++-------
Melee: Dagger            |    10 |       |       |       ||    10
       Staff             |       |    25 |    14 |    11 ||    50
 Cast: Magic Dart        |    83 |   129 |   148 |       ||   360
       Mephitic Cloud    |     3 |     6 |    28 |     1 ||    38
       Call Imp          |     3 |     1 |     2 |     2 ||     8
       Blink             |       |       |     4 |     3 ||     7
       Foxfire           |       |       |   162 |    65 ||   227
 Stab: Confused          |     2 |     1 |     1 |       ||     4
Armor: Robe              |     7 |       |       |       ||     7
       Leather armour    |       |     5 |    20 |    13 ||    38
Dodge: Dodged            |    20 |    27 |    67 |    34 ||   148

Table legend: (Time is in decaauts)
 A = Elapsed time spent in this place.
 B = Non-inter-level travel time spent in this place.
 C = Inter-level travel time spent in this place.
 D = Time resting spent in this place.
 E = Time spent auto-exploring this place.
 F = Levels seen in this place.
 G = Mean time per level.
                   A        B        C        D        E       F      G
               +--------+--------+--------+--------+--------+-----+--------+
         Total |   7166 |   6952 |    214 |    720 |   4793 |   9 |  796.2 |
       Dungeon |   7113 |   6914 |    199 |    720 |   4768 |   8 |  889.1 |
        Temple |     52 |     37 |     15 |      0 |     25 |   1 |   52.0 |
               +--------+--------+--------+--------+--------+-----+--------+

Top non-repeatable levels by time:
     D:7: 1204 daAuts
     D:8: 1117 daAuts
     D:4: 1011 daAuts
     D:5: 954 daAuts
     D:1: 937 daAuts
     D:6: 766 daAuts
     D:3: 636 daAuts
     D:2: 485 daAuts
  Temple: 52 daAuts
